Map: Tokamak LE

Players

BabyMarine

  • Race: Terran Terran
  • Spawn Location: 7:00

ShoWTimE - Winner!

  • Race: Protoss Protoss
  • League: Grandmaster
  • Spawn Location: 1:00

Event: HomeStory Cup XXVII

VOD

Have the link to the VOD?

Description

Time

  • Played on: June 27, 2025, 3:02 p.m.
  • Length: 8:57

All games in this series

Show
View Real Time Build Order
Export as new Build Order

BabyMarine Terran 

Build Orders: Cyclone Opening 

Get SALT Encoding   

  12  0:00  SCV  
  13  0:12  SCV  
  14  0:17  Supply Depot  
  14  0:24  SCV  
  15  0:39  SCV  
  15  0:41  Barracks  
  16  0:42  Refinery  
  16  0:51  SCV  
  16  0:52  Refinery  
  17  1:03  SCV  
  18  1:15  SCV  
  19  1:27  Orbital Command  
  19  1:28  Reaper  
  19  1:29  Supply Depot  
  20  1:40  Factory  
  20  1:52  SCV  
  21  2:00  Barracks Tech Lab  
  21  2:05  SCV  
  22  2:18  Command Center  
  22  2:21  SCV  
  23  2:33  Cyclone  
  23  2:35  SCV  
  27  2:41  Starport  
  27  2:47  Supply Depot  
  27  2:49  SCV  
  28  2:57  Barracks Reactor  
  27  3:01  SCV  
  30  3:05  Widow Mine  
  29  3:13  SCV  
  29  3:19  Medivac  
  32  3:25  Supply Depot, SCV  
  35  3:27  Widow Mine  
  35  3:33  Marine  
  35  3:34  Marine  
  37  3:37  SCV  
  38  3:51  Marine x2, Siege Tank  
  38  3:53  Starport Tech Lab  
  38  3:54  SCV  
  44  3:58  Orbital Command  
  44  4:06  SCV  
  44  4:09  Marine x2  
  47  4:14  Raven  
  49  4:20  SCV  
  49  4:23  Barracks  
  51  4:24  SCV  
  51  4:27  Marine x2  
  51  4:29  Supply Depot  
  53  4:36  Siege Tank  
  53  4:38  SCV x2  
  58  4:45  Marine  
  58  4:47  Barracks  
  58  4:50  SCV  
  58  4:51  SCV  
  58  4:52  Supply Depot  
  61  5:01  Refinery  
  61  5:02  SCV  
  61  5:03  Supply Depot, Marine x2, SCV  
  66  5:14  SCV  
  66  5:15  SCV  
  66  5:16  Siege Tank  
  66  5:18  Stimpack  
  66  5:21  Engineering Bay  
  70  5:24  Marine x2  
  72  5:32  Marauder  
  74  5:36  Starport Reactor, SCV  
  74  5:41  SCV  
  74  5:42  Marine  
  77  5:52  SCV  
  77  5:53  SCV, Terran Infantry Weapons Level 1  
  79  5:58  Refinery  
  79  5:59  Supply Depot  
  79  6:00  Marauder  
  79  6:02  Factory Reactor  
  81  6:04  Marine x2  
  81  6:07  Combat Shield  
  81  6:10  Marauder  
  85  6:12  SCV  
  82  6:22  Supply Depot  
  82  6:23  Marine x2, Medivac  
  84  6:28  SCV  
  84  6:32  Medivac  
  87  6:33  Marine  
  87  6:36  SCV  
  87  6:37  Supply Depot  
  87  6:39  Marauder  
  91  6:41  Widow Mine  
  91  6:44  Widow Mine  
  95  6:49  Supply Depot  
  95  6:50  Marine  
  95  6:51  Marauder  
  98  6:55  SCV x2  
  98  7:00  Concussive Shells  
  100  7:02  Widow Mine  
  100  7:06  Widow Mine  
  104  7:15  Marauder x2  
  108  7:16  Marine  
  108  7:18  Command Center, Marine  
  110  7:28  Barracks  
  110  7:29  Barracks  
  110  7:32  Supply Depot  
  110  7:39  Marauder x2, Widow Mine x2  
  118  7:51  SCV  
  117  7:58  Marine x2  
  91  7:59  Medivac  
  91  8:00  Widow Mine x2  
  91  8:01  Marauder x2, Medivac  
  91  8:03  SCV  
  103  8:08  SCV  
  97  8:15  SCV  
  97  8:16  Barracks Tech Lab, Barracks Reactor  
  97  8:18  Marine x2  
  100  8:22  Widow Mine x2  
  100  8:25  SCV  
  105  8:29  Marauder x2  
  109  8:36  Marine  
Show
View Real Time Build Order
Export as new Build Order

ShoWTimE Protoss - Winner!

Build Orders: 1 Gate Expand, Blink Stalkers 

Get SALT Encoding   

  12  0:00  Probe  
  13  0:12  Probe  
  14  0:17  Pylon  
  14  0:24  Probe  
  15  0:32  Probe  
  15  0:35  Gateway  
  15  0:40  Probe  
  16  0:45  Assimilator  
  17  0:50  Probe  
  18  1:03  Probe  
  19  1:15  Probe  
  20  1:21  Cybernetics Core  
  20  1:31  Nexus  
  20  1:33  Probe  
  21  1:40  Pylon  
  21  1:45  Probe  
  22  1:48  Adept  
  22  1:49  Assimilator  
  22  1:57  Probe  
  22  2:01  Warp Gate  
  25  2:08  Adept  
  25  2:09  Probe  
  26  2:21  Probe  
  29  2:27  Twilight Council  
  29  2:33  Probe, Blink  
  30  2:39  Stalker  
  32  2:44  Probe  
  32  2:45  Probe  
  34  2:57  Probe x2  
  36  3:01  Gateway  
  36  3:09  Probe  
  37  3:16  Probe  
  36  3:21  Probe  
  36  3:22  Robotics Facility  
  37  3:28  Probe  
  37  3:32  Pylon  
  37  3:33  Probe  
  39  3:40  Probe  
  40  3:45  Probe  
  41  3:49  Stalker  
  41  3:53  Probe  
  41  3:55  Stalker  
  46  4:00  Nexus  
  46  4:02  Probe  
  47  4:06  Pylon  
  47  4:07  Probe  
  47  4:08  Observer  
  48  4:13  Stalker  
  48  4:14  Probe  
  51  4:21  Stalker  
  51  4:23  Probe  
  54  4:25  Assimilator  
  54  4:32  Pylon  
  54  4:33  Probe  
  54  4:34  Observer, Forge  
  54  4:36  Probe  
  57  4:45  Probe  
  58  4:47  Pylon  
  58  4:48  Probe  
  58  4:50  Stalker x2  
  58  4:51  Protoss Ground Weapons Level 1, Charge  
  63  4:57  Probe  
  64  5:05  Probe  
  65  5:07  Probe  
  65  5:10  Probe  
  66  5:15  Probe  
  66  5:17  Probe  
  66  5:18  Probe  
  66  5:20  Gateway  
  68  5:21  Gateway  
  68  5:24  Probe  
  68  5:28  Probe  
  69  5:29  Probe  
  69  5:30  Stalker  
  73  5:36  Probe  
  73  5:40  Gateway, Probe  
  73  5:42  Probe  
  76  5:43  Stalker  
  76  5:48  Probe  
  77  5:51  Gateway  
  77  5:52  Probe  
  78  5:57  Gateway, Probe  
  78  6:00  Assimilator  
  78  6:02  Gateway  
  79  6:08  Robotics Bay  
  79  6:10  Pylon, Shield Battery, Sentry, Zealot  
  83  6:19  Pylon  
  83  6:25  Zealot x2  
  83  6:31  Shield Battery  
  87  6:33  Pylon  
  87  6:34  Zealot x3  
  87  6:36  Pylon, Probe  
  87  6:39  Colossus  
  94  6:47  Phoenix  
  94  6:51  Zealot x4  
  94  6:53  Pylon  
  102  7:00  Zealot x4  
  116  7:05  Extended Thermal Lance  
  114  7:11  Pylon  
  114  7:13  Pylon  
  114  7:15  Sentry x2, Zealot x2  
  118  7:21  Colossus  
  122  7:25  Pylon  
  122  7:26  Zealot x4  
  130  7:30  Pylon  
  131  7:38  Zealot x2  
  135  7:44  Zealot x2  
  137  7:56  Stalker x2, Zealot x2  
  137  7:57  Colossus  
  135  8:00  Zealot x2  
  139  8:06  Observer  
  139  8:07  Probe  
  140  8:18  Zealot  
  140  8:19  Forge  
  148  8:20  Nexus  
  148  8:22  Pylon  
  148  8:26  Pylon, Probe  
  149  8:27  Probe  
  149  8:30  Probe  
  149  8:35  Zealot x2  
  149  8:38  Zealot  
  149  8:39  Probe  
  152  8:53  Zealot x5  
Tags
 
Add a new tag
Caveats
  • Supply blocks, unpowered buildings, or Contaminate may cause inaccurate times.
  • Supply counts are checked every 10 seconds.